 Dungeon Crawl Stone Soup version 0.22-a0-40-g3d2f077def (webtiles) character file.

45 LarsimusPrime the Shooter (level 3, 0/29 HPs)
             Began as a Centaur Hunter on Jan 5, 2018.
             Slain by an adder (2 damage)
             ... on level 1 of the Dungeon.
             The game lasted 00:06:10 (924 turns).

LarsimusPrime the Shooter (Centaur Hunter)           Turns: 924, Time: 00:06:11

Health: 0/29       AC: 10    Str: 15    XL:     3   Next: 42%
Magic:  3/3        EV:  2    Int: 10    God:
Gold:   22         SH:  0    Dex:  9    Spells: 2/2 levels left

rFire    . . .     SeeInvis .   a - +1 shortbow
rCold    . . .     Gourm    .   (shield currently unavailable)
rNeg     . . .     Faith    .   p - +0 plate armour
rPois    .         Spirit   .   (no helmet)
rElec    .         Reflect  .   m - +0 cloak
rCorr    .         Harm     .   q - +0 pair of gloves
MR       .....                  (no barding)
Stlth    ..........             (no amulet)
HPRegen  0.09/turn              (no ring)
MPRegen  0.08/turn              (no ring)

@: lethally poisoned (0 -> -5), very quick
A: large, hooves 3, deformed body, speed 2, tough skin 3
a: no special abilities


You were on level 1 of the Dungeon.
You were not hungry.

You visited 1 branch of the dungeon, and saw 2 of its levels.

You collected 22 gold pieces.

Inventory:

Hand Weapons
 a - a +1 shortbow (weapon)
 b - a +0 short sword
 n - a +0 dagger
Armour
 c - a +0 leather armour
 k - a cursed +0 leather armour
 m - a +0 cloak (worn)
 p - a +0 plate armour (worn)
 q - a +0 pair of gloves (worn)
Jewellery
 t - a +5 ring of dexterity {unknown}
Scrolls
 e - 5 scrolls of identify {unknown}
 i - 2 scrolls of blinking {unknown}
 s - a scroll of noise {unknown}
 u - a scroll of remove curse {unknown}
Potions
 g - 2 potions of resistance {unknown}
 h - 2 potions of curing {unknown}
 o - a potion of might {unknown}
 r - a potion of heal wounds {unknown}
Comestibles
 f - 2 rations
 j - a chunk of flesh


   Skills:
 + Level 2.2 Fighting
 + Level 6.8 Bows
 - Level 1.3 Dodging
 - Level 0.4 Stealth


You had 2 spell levels left.
You didn't know any spells.

Dungeon Overview and Level Annotations

Branches:
Dungeon (2/15)

Altars:


Innate Abilities, Weirdness & Mutations

You have hooves in place of feet.
Armour fits poorly on your strangely shaped body.
You cover ground very quickly.
You have extremely tough skin. (AC +3)


Message History

* * * LOW HITPOINT WARNING * * *
You feel sick. The adder bites you.
* * * LOW HITPOINT WARNING * * *
The leopard gecko bites you but does no damage.
The adder bites you but does no damage.
The leopard gecko bites you but does no damage.
You miss the adder.
The adder is moderately wounded.
* * * LOW HITPOINT WARNING * * *
You feel sick. The adder bites you but does no damage.
The leopard gecko bites you but does no damage.
The adder bites you but does no damage.
The leopard gecko bites you but does no damage.
You barely miss the adder. Your kick misses the adder.
The adder is moderately wounded.
* * * LOW HITPOINT WARNING * * *
You feel sick. The adder bites you but does no damage.
The leopard gecko bites you but does no damage.
The adder bites you.
You die...

.#######.#####.# ###...#
#.# ..#####...####)##
#.....# #.#
#...K.........#.##
#.##..#####.#
....###...##.###.##
#.##........# ..#.#
##..(.......#
#.##..#####.# ....##
#.###.###.####.#..........
.....# #.# #.#
#.........#.####(. ...#.#
#.# #.###l###.#...........
#.##.###.#
#(.(S@##.###.......#..
####.....#
#########.#.######.#..
#.##### ##..# #.#.. ####.#
##.# #.... .....# #.#
###.. #.#### #.# ##... #.#
#.######.... #.#
#...........
#.################
#######.#...


You could see an adder and a leopard gecko.

Vanquished Creatures
  An adder (D:1)
  2 dart slugs (D:1)
  A leopard gecko (D:1)
  3 orcs
  A giant cockroach (D:1)
  A goblin (D:2)
  A hobgoblin (D:1)
  3 jackals (D:1)
  6 kobolds
  2 bats (D:1)
  2 frilled lizards (D:1)
  5 rats (D:1)
28 creatures vanquished.

Notes
Turn   | Place    | Note
-------+----------+-------------------------------------------
     0 | D:1      | LarsimusPrime the Centaur Hunter began the quest for the Orb.
     0 | D:1      | Reached XP level 1. HP: 17/17 MP: 1/1
   183 | D:1      | Reached XP level 2. HP: 24/24 MP: 2/2
   265 | D:1      | Reached skill level 6 in Bows
   731 | D:2      | Reached XP level 3. HP: 29/29 MP: 3/3
   924 | D:1      | Slain by an adder

Vault maps used:
D:1:      dpeg_arrival_fog
D:2:      hangedman_decor_growths, minmay_misc_feat_nine_boxes,
          minmay_pentomino_q4, uniq_jessica, uniq_natasha

Skill      XL: |  1  2 |
---------------+-------+-----
Bows           | 6 |  6.8
Fighting       | |  2.2
Dodging        | |  1.3
Stealth        | |  0.4

Action                   || total
-------------------------++-------
Melee: Shortbow          ||     6
 Fire: Shortbow          ||    74
Throw: Tomahawk          ||     6
Armor: Plate armour      ||    55
Dodge: Dodged            ||     1

Table legend:
 A = Spawn XP
 B = Non-spawn XP
 C = Spawn XP percentage of total XP
 D = Spawn monster count
 E = Non-spawn monster count
 F = Spawn count percentage of total count
 G = Total turns spent on level
                    A         B        C        D         E        F      G
               +---------+---------+-------+---------+---------+-------+---------
         Total |       0 |      65 |   0.0 |       0 |      28 |   0.0 |   924
               +---------+---------+-------+---------+---------+-------+---------
           D:1 |       0 |      56 |   0.0 |       0 |      24 |   0.0 |   902
           D:2 |       0 |       9 |   0.0 |       0 |       4 |   0.0 |    22
               +---------+---------+-------+---------+---------+-------+---------
